 Dungeon Crawl Stone Soup version 0.30-a0-367-g839099abd5 (webtiles) character file.

Game seed: 6686842627315804987

49543 Elric the Warrior (level 14, -4/146 HPs)
             Began as a Minotaur Fighter on Nov 18, 2022.
             Was a High Priest of Trog.
             Slain by a death yak simulacrum (19 damage)
             ... in an ice cave.
             The game lasted 00:24:12 (19006 turns).

Elric the Warrior (Minotaur Fighter)               Turns: 19006, Time: 00:24:13

Health: -4/146     AC: 16    Str: 24    XL:     14   Next: 16%
Magic:  13/13      EV: 12    Int:  2    God:    Trog [*****.]
Gold:   480        SH:  0    Dex: 10    Spells: 13/13 levels left

rFire   . . .      SeeInvis .    b - +4 battleaxe (freeze)
rCold   + . .      Faith    .    (shield currently unavailable)
rNeg    . . .      Spirit   .    O - +2 scale mail {rC+}
rPois   +          Reflect  .    (helmet restricted)
rElec   .          Harm     .    (no cloak)
rCorr   .          Rampage  .    (no gloves)
Will    +++..                    p - +1 pair of boots
Stlth   +.........               l - amulet of magic regeneration
HPRegen 1.44/turn                i - ring of poison resistance
MPRegen 0.53/turn                a - ring of Dishonesty {rPois AC+4 Int-3 Slay+5 Stlth+}

@: strong-willed, regenerating, unable to drink
A: horns 2, retaliatory headbutt, weak 1, inability to drink after injury 1
a: Renounce Religion, Berserk, Trog's Hand, Brothers in Arms


You were in an ice cave.
You worshipped Trog.
Trog was extremely pleased with you.
You visited 2 branches of the dungeon, and saw 15 of its levels.
You visited the Abyss 1 time.
You also visited: Ice Cave.

You collected 1415 gold pieces.
You spent 935 gold pieces at shops.

Inventory:

Hand Weapons
 b - a +4 battleaxe of freezing (weapon)
 x - the +5 broad axe of the Unseen Realm {vorpal, rPois rC- rCorr}
   (You bought it in a shop on level 3 of the Dungeon)

   It inflicts extra damage upon your enemies.
   rC:        It makes you vulnerable to cold.
   rPois:     It protects you from poison.
   rCorr:     It protects you from acid and corrosion.
 I - a +2 war axe of freezing
Missiles
 r - a throwing net (quivered)
Armour
 p - a +1 pair of boots (worn)
 O - a +2 scale mail of cold resistance (worn)
Jewellery
 a - the ring of Dishonesty (right hand) {rPois AC+4 Int-3 Slay+5 Stlth+}
   (You bought it in a shop on level 3 of the Dungeon)

   [ring of protection]

   AC:        It affects your AC (+4).
   Int:       It affects your intelligence (-3).
   Slay:      It affects your accuracy & damage with ranged weapons and melee
   (+5).
   rPois:     It protects you from poison.
   Stlth:     It makes you more stealthy.
 i - a ring of poison resistance (left hand)
 l - an amulet of magic regeneration (around neck)
 u - a ring of flight
Wands
 n - a wand of charming (4)
 A - a wand of iceblast (31)
 D - a wand of digging (15)
 G - a wand of flame (14)
Scrolls
 e - a scroll of summoning
 g - 5 scrolls of teleportation
 o - 6 scrolls of immolation
 q - 3 scrolls of enchant armour
 s - a scroll of enchant weapon
 t - 5 scrolls of fog
 v - 2 scrolls of vulnerability
 y - a scroll of silence
 B - 2 scrolls of blinking
 C - 3 scrolls of noise
 F - a scroll of magic mapping
 J - a scroll of torment
 M - a scroll of fear
Potions
 c - a potion of flight {unknown}
 d - 3 potions of might
 f - 3 potions of lignification
 h - 2 potions of attraction
 j - a potion of berserk rage {unknown}
 k - a potion of brilliance
 m - 3 potions of heal wounds
 w - 2 potions of haste {unknown}
 z - a potion of resistance {unknown}
 E - 6 potions of curing
 H - a potion of ambrosia {unknown}
 L - 2 potions of magic {unknown}


   Skills:
 * Level 19.4 Fighting
 * Level 18.6 Axes
 + Level 8.2 Armour
 + Level 6.4 Dodging
 + Level 8.2 Shields


You had 13 spell levels left.
You didn't know any spells.
Your spell library was empty.

Dungeon Overview and Level Annotations

Branches:
Dungeon (14/15)            Temple (0/1) D:5            Lair (1/5) D:10
    Orc (0/2) D:10          IceCv (1/1)
 Vaults: D:13-14

Altars:
Ashenzari
Cheibriados
Dithmenos
Fedhas
Gozag
Makhleb
Okawaru
Sif Muna
Trog
Uskayaw
Wu Jian
Xom
Yredelemnul
Zin
The Shining One

Shops:
D:3 =!*:*   D:6 ?[


Innate Abilities, Weirdness & Mutations

You have a pair of horns on your head.
You reflexively headbutt those who attack you in melee.
You are weak. (Str -2)
You occasionally lose the ability to drink potions when taking damage.


Message History

Trog accepts your kill.
You slice the death yak simulacrum like a ripe choko!!!
You headbutt the death yak simulacrum.
The death yak simulacrum vaporises!
Trog accepts your kill.
You hit the death yak simulacrum.
The death yak simulacrum gores you but does no damage.
You hit the death yak simulacrum.
The death yak simulacrum is lightly damaged.
You slice the death yak simulacrum!!
The death yak simulacrum is almost destroyed.
You barely miss the ice devil.
The ice devil hits you but does no damage.
The death yak simulacrum gores you!
* * * LOW HITPOINT WARNING * * *
The death yak simulacrum freezes you! You resist.
* * * LOW HITPOINT WARNING * * *
It was a potion of curing.
You feel better.
The ice devil hits you but does no damage.
The death yak simulacrum closely misses you.
You barely miss the ice devil. You hit the death yak simulacrum.
The death yak simulacrum vaporises!
Trog accepts your kill. The ice devil hits you!
* * * LOW HITPOINT WARNING * * *
The ice devil freezes you. You resist.
* * * LOW HITPOINT WARNING * * *
You hit the ice devil. You headbutt the ice devil!
The ice devil is moderately wounded.
You slice the cane toad simulacrum!!
The cane toad simulacrum vaporises!
Trog accepts your kill. The ice devil completely misses you.
Your skin crawls.
You feel strong-willed. The death yak simulacrum gores you!
* * * LOW HITPOINT WARNING * * *
The death yak simulacrum freezes you!! You resist.
You feel threatened and lose the ability to drink potions!
You die...

##...##..#
##..#8..##
##..#..####..###..#
#.....# #..## #[[#
##...## ##..######
##### ###..##
##.##..# ##..Z#..#
#.ZZ4#..#
....Z..#@..##
.....ZZ#..##
....Z8##### ......
._.... ..... .....


You could see an ice devil, a three-headed hydra simulacrum, a death yak
simulacrum and a dire elephant simulacrum.

Vanquished Creatures
  A bone dragon (Abyss:2)
  A tentacled starspawn (Abyss:2)
  Nessos (D:12)
  2 centaur warriors (D:8)
  4 two-headed ogres
  3 boulder beetles
  A catoblepas (D:13)
  A thrashing horror (Abyss:2)
  A tengu warrior (D:14)
  A wretched star (Abyss:2)
  Lodul (D:11)
  A glowing orange brain (Abyss:2)
  7 starcursed masses (Abyss:2)
  A wizard (D:14)
  A deep elf pyromancer (D:13)
  The ghost of Tewichka the Shield-Bearer, a novice FoFi of Uskayaw (D:6)
  6 ugly things
  A worldbinder (Abyss:2)
  5 cyclopes
  Joseph (D:8)
  A rust devil (Abyss:2)
  A black mamba (Lair:1)
  An orange demon (Abyss:2)
  2 smoke demons (Abyss:2)
  Maggie (D:6)
  2 unseen horrors
  A cane toad (Lair:1)
  3 gargoyles
  Psyche (D:8)
  3 komodo dragons
  2 freezing wraiths (IceCv)
  11 ice devils
  An ancient zyme (Abyss:2)
  2 hornets
  10 trolls
  2 polar bears (D:9)
  Grinder (D:5)
  6 slime creatures
  A hornet (shapeshifter) (Abyss:2)
  3 raiju (Abyss:2)
  2 large abominations
  2 vampires (D:12)
  A water elemental (D:12)
  An unseen horror simulacrum (D:9)
  5 wyverns
  Eustachio (D:6)
  28 yaks
  2 steam dragons (D:7)
  4 death yak simulacra (IceCv)
  8 vampire mosquitoes
  3 harpy simulacra (IceCv)
  An acid dragon (D:12)
  A hydra simulacrum (IceCv)
  6 water moccasins
  6 orc warriors
  An ice beast (D:7)
  9 sky beasts
  3 black bears
  10 ogres
  7 wolves
  6 centaurs
  A kobold brigand (D:9)
  2 phantoms
  4 bullfrogs
  2 small abominations (Abyss:2)
  2 gnoll sergeants
  2 naga simulacra
  4 scorpions
  2 cane toad simulacra (IceCv)
  A two-headed ogre simulacrum (IceCv)
  12 wights
  5 killer bees (D:8)
  2 elephant simulacra (IceCv)
  4 electric eels (D:12)
  4 howler monkeys
  3 hounds
  A jelly (D:6)
  7 orc priests
  A gnoll bouda (D:8)
  3 iguanas
  15 orc wizards
  A spriggan simulacrum (IceCv)
  2 polar bear simulacra (IceCv)
  4 wolf simulacra (IceCv)
  A centaur simulacrum (D:9)
  A mummy (D:7)
  12 gnolls
  3 adders
  7 white imps
  6 ufetubi
  A worm (D:4)
  A dart slug (D:4)
  44 orcs
  4 bats
  5 endoplasms
  4 giant cockroaches
  7 goblins
  3 hobgoblins
  4 jackals (D:4)
  3 quokkas
  9 ball pythons
  4 frilled lizards
  15 kobolds
  2 rats
  2 starspawn tentacles (Abyss:2)
425 creatures vanquished.

Vanquished Creatures (collateral kills)
  A starflower (Abyss:2)
  A neqoxec (Abyss:2)
  2 starspawn tentacles (Abyss:2)
4 creatures vanquished.

Vanquished Creatures (others)
  A raiju (Abyss:2)
  A harpy simulacrum (Abyss:2)
  A small abomination (Abyss:2)
  A demonic plant (Abyss:2)
  15 fungi
  A lurking horror (Abyss:2)
  5 plants
  13 starspawn tentacles (Abyss:2)
38 creatures vanquished.

Grand Total: 467 creatures vanquished

Notes
Turn   | Place    | Note
-------+----------+-------------------------------------------
     0 | D:1      | Elric the Minotaur Fighter began the quest for the Orb.
     0 | D:1      | Reached XP level 1. HP: 19/19 MP: 0/0
   419 | D:1      | Reached XP level 2. HP: 25/27 MP: 1/1
  1213 | D:2      | Reached XP level 3. HP: 33/33 MP: 2/2
  1415 | D:3      | Found Qoifaf's Distillery.
  1431 | D:3      | Found Gecakhadd's Book Emporium.
  1431 | D:3      | Found a bloodstained altar of Trog.
  1441 | D:3      | Became a worshipper of Trog the Wrathful
  1444 | D:3      | Found Pesh's Assorted Antiques.
  1453 | D:3      | Identified the ring of Hoapheh {Will- EV+4 Int+5}
  1507 | D:3      | Found Moytemuo's Assorted Antiques.
  1509 | D:3      | Found a shimmering altar of Xom.
  1509 | D:3      | Found a shimmering altar of Xom.
  1525 | D:3      | Found a shimmering altar of Xom.
  1580 | D:3      | Reached XP level 4. HP: 14/40 MP: 3/3
  1583 | D:3      | Reached skill level 5 in Axes
  1713 | D:3      | Found an opulent altar of Gozag.
  1731 | D:3      | Found an iron altar of Okawaru.
  1761 | D:3      | Found Pantel's Jewellery Shop.
  1860 | D:3      | Found a basalt altar of Yredelemnul.
  1860 | D:3      | Found a glowing golden altar of the Shining One.
  1861 | D:3      | Found a burning altar of Makhleb.
  2170 | D:4      | Noticed a centaur
  2186 | D:4      | Reached XP level 5. HP: 35/46 MP: 4/4
  2189 | D:4      | Killed a centaur
  2283 | D:4      | Noticed a black bear
  2292 | D:4      | Killed a black bear
  2293 | D:4      | Reached XP level 6. HP: 33/52 MP: 5/5
  2295 | D:4      | Reached * piety under Trog
  3014 | D:5      | Entered Level 5 of the Dungeon
  3064 | D:5      | Found a blossoming altar of Fedhas.
  3093 | D:5      | Reached XP level 7. HP: 53/58 MP: 6/6
  3133 | D:5      | Reached skill level 4 in Fighting
  3416 | D:3      | Bought a dazzling broad axe for 288 gold pieces
  3416 | D:3      | Identified the +5 broad axe of the Unseen Realm {vorpal,
                  | rPois rC- rCorr} (You bought it in a shop on level 3 of the
                  | Dungeon)
  3647 | D:5      | Found a staircase to the Ecumenical Temple.
  3862 | D:5      | Noticed Grinder
  3869 | D:5      | Killed Grinder
  3870 | D:5      | Reached skill level 5 in Fighting
  3870 | D:5      | Reached skill level 10 in Axes
  3990 | D:5      | Found a shimmering blue altar of Sif Muna.
  4146 | D:6      | Found Xesodgh's Antique Armour Shoppe.
  4162 | D:6      | Reached XP level 8. HP: 69/69 MP: 7/7
  4203 | D:6      | Found a runed translucent door.
  4244 | D:6      | Noticed Eustachio
  4249 | D:6      | Killed Eustachio
  4291 | D:6      | Noticed Tewichka's ghost (novice FoFi)
  4311 | D:6      | Found Saicyut's Magic Scroll Shop.
  4392 | D:6      | Reached skill level 6 in Fighting
  4622 | D:6      | Reached ** piety under Trog
  4721 | D:6      | Noticed Maggie
  4730 | D:6      | Killed Maggie
  4731 | D:6      | Reached skill level 7 in Fighting
  5078 | D:6      | Killed Tewichka's ghost
  5079 | D:6      | Reached XP level 9. HP: 81/81 MP: 8/8
  5355 | D:7      | Reached skill level 8 in Fighting
  5805 | D:7      | Found a snail-covered altar of Cheibriados.
  5819 | D:7      | Reached skill level 9 in Fighting
  6160 | D:7      | Reached XP level 10. HP: 75/91 MP: 9/9
  6426 | D:7      | Found a shadowy altar of Dithmenos.
  6433 | D:7      | Reached skill level 15 in Axes
  6622 | D:8      | Noticed Psyche
  6626 | D:8      | Noticed a centaur warrior
  6631 | D:8      | Killed Psyche
  6632 | D:8      | Reached skill level 10 in Fighting
  6635 | D:8      | Killed a centaur warrior
  6636 | D:8      | Noticed a centaur warrior
  6637 | D:8      | Killed a centaur warrior
  6638 | D:8      | Reached skill level 11 in Fighting
  6640 | D:8      | Noticed Joseph
  6660 | D:8      | Reached *** piety under Trog
  6932 | D:8      | Killed Joseph
  6935 | D:8      | Reached skill level 12 in Fighting
  8208 | D:9      | Reached XP level 11. HP: 89/103 MP: 10/10
  8331 | D:9      | Reached skill level 13 in Fighting
  8469 | D:9      | Found an ornate altar of the Wu Jian Council.
  8838 | D:9      | Reached skill level 14 in Fighting
  8972 | D:9      | Identified the +1 robe of Xom {Harm rN+}
  9326 | D:9      | Reached **** piety under Trog
  9669 | D:10     | Entered Level 10 of the Dungeon
 10015 | D:10     | Reached skill level 15 in Fighting
 10048 | D:10     | Noticed a two-headed ogre
 10053 | D:10     | Killed a two-headed ogre
 10240 | D:10     | Found a hide-covered altar of Uskayaw.
 10244 | D:10     | Found a broken altar of Ashenzari.
 10556 | D:10     | Found a staircase to the Orcish Mines.
 10607 | D:10     | Found a glowing silver altar of Zin.
 11053 | D:10     | Found a staircase to the Lair.
 11065 | D:10     | Reached skill level 16 in Fighting
 11287 | D:3      | Bought the ring of Dishonesty {rPois AC+4 Int-3 Slay+5
                  | Stlth+} for 647 gold pieces
 11679 | D:11     | Noticed Lodul
 11697 | D:11     | Killed Lodul
 11703 | D:11     | Reached XP level 12. HP: 124/124 MP: 11/11
 11833 | D:11     | Noticed a boulder beetle
 11838 | D:11     | Reached skill level 17 in Fighting
 11842 | D:11     | Killed a boulder beetle
 11843 | D:11     | Reached skill level 1 in Dodging
 12291 | D:11     | Noticed a two-headed ogre
 12296 | D:11     | Killed a two-headed ogre
 12829 | D:12     | Reached skill level 5 in Shields
 13002 | D:12     | Reached skill level 5 in Armour
 13575 | D:12     | Noticed Nessos
 13584 | D:12     | Killed Nessos
 14903 | D:13     | Noticed a boulder beetle
 14917 | D:13     | Killed a boulder beetle
 15080 | D:13     | Reached skill level 18 in Fighting
 15270 | D:13     | Noticed a catoblepas
 15273 | D:13     | Killed a catoblepas
 15329 | D:13     | Noticed a two-headed ogre
 15332 | D:13     | Killed a two-headed ogre
 15333 | D:13     | Reached XP level 13. HP: 127/134 MP: 12/12
 15458 | D:13     | Reached ***** piety under Trog
 15500 | D:13     | Identified the +3 rapier of Duwisch {vorpal, Int+2}
 16418 | Abyss:2  | Found a corrupted altar of Lugonu.
 16418 | Abyss:2  | Cast into level 2 of the Abyss (a wizard)
 16696 | Abyss:2  | Noticed a starcursed mass
 16732 | Abyss:2  | Noticed a starflower
 16851 | Abyss:2  | Reached skill level 5 in Dodging
 16898 | Abyss:2  | Noticed a tentacled starspawn
 16914 | Abyss:2  | Noticed a starcursed mass
 17131 | Abyss:2  | Gained mutation: You are weak. (Str -2) [a neqoxec]
 17133 | Abyss:2  | Gained mutation: You occasionally lose the ability to drink
                  | potions when taking damage. [a neqoxec]
 17139 | Abyss:2  | Noticed a tentacled starspawn
 17145 | Abyss:2  | Noticed a starflower
 17156 | Abyss:2  | Killed a starflower
 17189 | Abyss:2  | Killed a tentacled starspawn
 17505 | Abyss:2  | Noticed a bone dragon
 17522 | Abyss:2  | Killed a bone dragon
 17523 | Abyss:2  | Reached skill level 19 in Fighting
 17686 | D:14     | Escaped the Abyss
 18178 | Lair:1   | Entered Level 1 of the Lair of Beasts
 18582 | Lair:1   | Found a frozen archway.
 18593 | Lair:1   | Reached XP level 14. HP: 125/146 MP: 13/13
 18599 | IceCv    | Entered an ice cave
 18681 | IceCv    | Identified the +11 glaive of Disorder {vorpal, rCorr Str+4}
                  | (Trog gifted it to you in an ice cave)
 18681 | IceCv    | Received a gift from Trog
 18981 | IceCv    | Found an ancient bone altar of Kikubaaqudgha.
 19006 | IceCv    | Slain by a death yak simulacrum

Illustrated notes

Levels and vault maps discovered:
D:1:      lemuel_arrival_behind_the_door_small, layout_loops_corners,
          chequers_serial_rivers_micro_a
D:2:      layout_loops_ring, grunt_ministairs_2
D:3:      layout_basic, mainiacjoe_overflow_brackets, bloody_trog,
          xom_redecorated, mainiacjoe_overflow_boulevard,
          gammafunk_temple_overflow_claw, serial_shops,
          nicolae_shop_competitors_out_of_business,
          nicolae_shop_advertising_works [nicolae_subvault_shop_adworks], shop,
          shop, shop_fountains, minmay_misc_feat_rows
D:4:      layout_basic
D:5:      layout_loops_corners, mainiacjoe_overflow_six_doors_small,
          nicolae_sif_muna_little_library, minmay_temple_entry_mini_moons,
          uniq_grinder
D:6:      layout_loops_ring, serial_shops, shop, nicolae_shop_waterfront,
          ebering_ghost_reflecting_pool, uniq_eustachio, uniq_maggie
D:7:      layout_basic, mainiacjoe_overflow_alcove_1, slow_altar_1,
          hangedman_misty_isle
D:8:      minmay_blocky_corners, layout_basic, grunt_ministairs_3, uniq_joseph,
          uniq_psyche
D:9:      layout_stronghold, mainiacjoe_overflow_small_starburst, serial_ice,
          serial_ice_j, serial_ice_d, serial_ice_g, serial_ice_h, serial_ice_n
D:10:     layout_loops_cross, amcnicky_altar_gilded,
          mainiacjoe_overflow_big_doors, david_lair_shrubbed, hiddenorc1_lemuel
D:11:     layout_cave_pods, uniq_lodul
D:12:     layout_basic, uniq_nessos
D:13:     layout_gridville, chequers_serial_rivers_large_a
D:14:     layout_basic, david_vaults_4, serial_shops, bzr_entry_safe,
          dreamdust_mushroom_princess
Lair:1:   layout_misc_corridors, portal_ice_cave_demonic_guard,
          gauntlet_entry_generic, small_statue_intersection, minivault_24,
          grunt_megastairs_3
IceCv:    ice_cave_small_necro

Skill      XL: |  1  2  3  4  5  6  7  8  9 10 11 12 13 14 |
---------------+-------------------------------------------+-----
Axes           | 3 4 5 7 8 10 12 14 16 17 18 | 18.6
Fighting       | 5 7 9 12 16 18 19 | 19.4
Armour         | 6 7 8 |  8.2
Shields        | 6 8 |  8.2
Dodging        | 4 6 |  6.4

Action                   |  1- 3 |  4- 6 |  7- 9 | 10-12 | 13-15 || total
-------------------------+-------+-------+-------+-------+-------++-------
Melee: War axe           |    57 |    79 |    12 |       |       ||   148
       Headbutt          |     6 |    14 |    19 |    77 |    59 ||   175
       Broad axe         |       |       |   107 |    64 |       ||   171
       Battleaxe         |       |       |       |   280 |   248 ||   528
Invok: Berserk           |       |       |     5 |    10 |     6 ||    21
       Trog's Hand       |       |       |       |     2 |     3 ||     5
       Brothers in Arms  |       |       |       |       |     1 ||     1
  Use: Scroll            |       |     8 |       |       |    10 ||    18
       Potion            |       |       |       |     1 |     1 ||     2
Armor: Scale mail        |    33 |    39 |    32 |   145 |   110 ||   359
       Steam dragon scal |       |       |    12 |       |       ||    12
Dodge: Dodged            |    23 |    36 |    40 |   142 |   102 ||   343
Block: Buckler           |    14 |    12 |    17 |    10 |       ||    53

Table legend: (Time is in decaauts)
 A = Elapsed time spent in this place.
 B = Non-inter-level travel time spent in this place.
 C = Inter-level travel time spent in this place.
 D = Time resting spent in this place.
 E = Time spent auto-exploring this place.
 F = Levels seen in this place.
 G = Mean time per level.
                   A        B        C        D        E       F      G
               +--------+--------+--------+--------+--------+-----+--------+
         Total |  19256 |  17130 |   2126 |   3177 |  11848 |  17 | 1132.7 |
       Dungeon |  17136 |  15066 |   2070 |   2745 |  10727 |  14 | 1224.0 |
          Lair |    408 |    352 |     56 |    123 |    146 |   1 |  408.0 |
         Abyss |   1312 |   1312 |      0 |    308 |    651 |   1 | 1312.0 |
      Ice Cave |    398 |    398 |      0 |      0 |    324 |   1 |  398.0 |
               +--------+--------+--------+--------+--------+-----+--------+

Top non-repeatable levels by time:
     D:9: 2001 daAuts
     D:7: 1958 daAuts
    D:12: 1724 daAuts
    D:11: 1616 daAuts
     D:5: 1392 daAuts
    D:10: 1366 daAuts
 Abyss:2: 1312 daAuts
    D:13: 1272 daAuts
     D:6: 1262 daAuts
     D:8: 1079 daAuts
     D:4: 1044 daAuts
     D:3: 891 daAuts
     D:1: 829 daAuts
     D:2: 617 daAuts
  Lair:1: 408 daAuts
